 Dungeon Crawl Stone Soup version 0.20-a0-513-g02c11fc (webtiles) character file.

935 anuswrecked the Magician (level 7, -3/52 HPs)
             Began as a Mummy Wizard on Jan 22, 2017.
             Slain by an ice beast (6 damage)
             ... on level 5 of the Dungeon.
             The game lasted 00:17:55 (5159 turns).

anuswrecked the Magician (Mummy Wizard)             Turns: 5159, Time: 00:17:56

Health: -3/52      AC:  5    Str: 12    XL:     7   Next: 87%
Magic:  12/15      EV: 12    Int: 18    God:
Gold:   331        SH:  0    Dex: 10    Spells: 7/17 levels left

rFire    x . .     SeeInvis .   i - +2 hand axe (flame)
rCold    + . .     Gourm    .   l - +0 leather armour
rNeg     + + +     Faith    .   (no shield)
rPois    ∞         Spirit   .   a - +0 helmet
rElec    .         Reflect  .   p - +0 cloak (curse)
rCorr    .         Harm     .   (no gloves)
MR       .....                  (no boots)
Stlth    +.........             (no amulet)
Regen    0.2/turn               (no ring)
                                (no ring)

@: no status effects
A: no food or potions, fire vulnerability, cold resistance 1, negative energy
resistance 3, torment resistance, unbreathing
a: no special abilities


You were on level 5 of the Dungeon.
You were not hungry.

You visited 2 branches of the dungeon, and saw 6 of its levels.

You collected 331 gold pieces.

Inventory:

Hand Weapons
 i - a +2 hand axe of flaming (weapon)
 q - a +0 quarterstaff
Missiles
 e - 38 bolts
Armour
 a - a +0 helmet (worn)
 b - a +0 shield
 l - a +0 leather armour (worn)
 p - a cursed +0 cloak (worn)
Wands
 d - a wand of lightning (3/15)
 m - a wand of paralysis (8/24)
 t - a wand of polymorph (15/24)
Scrolls
 f - a scroll of identify
 g - a scroll of remove curse {unknown}
 h - a scroll of noise {unknown}
 j - 2 scrolls of teleportation
 k - a scroll of random uselessness {unknown}
 n - 3 scrolls of immolation {unknown}
 o - a scroll of recharging {unknown}
 u - a scroll of amnesia {unknown}
Books
 c - a book of Minor Magic

   Spells                             Type                      Level
   a - Magic Dart                     Conjuration                  1
   b - Blink                          Translocation                2
   c - Call Imp                       Summoning                    2
   d - Repel Missiles                 Charms/Air                   2
   e - Slow                           Hexes                        2
   f - Conjure Flame                  Conjuration/Fire             3
   g - Mephitic Cloud                 Conjuration/Poison/Air       3
 r - a book of Callings

   Spells                             Type                      Level
   a - Summon Small Mammal            Summoning                    1
   b - Call Imp                       Summoning                    2
   c - Call Canine Familiar           Summoning                    3
   d - Summon Guardian Golem          Hexes/Summoning              3
   e - Summon Lightning Spire         Summoning/Air                4
   f - Summon Ice Beast               Ice/Summoning                4
 s - a book of Maledictions

   Spells                             Type                      Level
   a - Corona                         Hexes                        1
   b - Ensorcelled Hibernation        Hexes/Ice                    2
   c - Confuse                        Hexes                        3
   d - Tukima's Dance                 Hexes                        3
   e - Dazzling Spray                 Conjuration/Hexes            3


   Skills:
 + Level 3.3 Fighting
 + Level 1.3 Staves
 * Level 3.5 Armour
 + Level 2.9 Dodging
 - Level 1.5 Stealth
 + Level 2.6 Shields
 + Level 5.6 Spellcasting
 * Level 1.0 Conjurations
 - Level 1.0 Summonings
 - Level 1.0 Translocations
 - Level 1.4 Air Magic
 - Level 1.0 Poison Magic


You had 7 spell levels left.
You knew the following spells:

 Your Spells              Type           Power        Failure   Level  Hunger
a - Magic Dart            Conj           #...         14%         1    N/A
b - Blink                 Tloc           N/A          21%         2    N/A
c - Call Imp              Summ           #.......     21%         2    N/A
d - Mephitic Cloud        Conj/Pois/Air  #.......     30%         3    N/A
z - Repel Missiles        Chrm/Air       #.....       21%         2    N/A

Dungeon Overview and Level Annotations

Branches:
Dungeon (5/15)             Temple (1/1) D:4

Altars:
Cheibriados
Dithmenos
Elyvilon
Gozag
Hepliaklqana
Makhleb
Nemelex Xobeh
Ru
Sif Muna
Trog
Uskayaw
Vehumet
Zin
The Shining One

Shops:
D:4 *


Innate Abilities, Weirdness & Mutations

You do not eat or drink.
Your flesh is vulnerable to fire.
You are immune to poison.
Your flesh is cold resistant. (rC+)
You are immune to negative energy. (rN+++)
You are immune to unholy pain and torment.
You can survive without breathing.


Message History

The ice beast is almost dead.
The ice beast hits you. The ice beast freezes you. You resist.
* * * LOW HITPOINT WARNING * * *
You hit the ice beast.
You melt the ice beast.
The ice beast is almost dead.
The ice beast misses you.
Your crimson imp blinks!
The ice beast hits you but does no damage.
You closely miss the ice beast.
The ice beast is almost dead.
The ice beast hits you.
* * * LOW HITPOINT WARNING * * *
The ice beast freezes you. You resist.
* * * LOW HITPOINT WARNING * * *
You hit the ice beast but do no damage.
The ice beast is almost dead.
The ice beast hits you.
* * * LOW HITPOINT WARNING * * *
The ice beast freezes you. You resist.
You die...

############
###
#...Y.......
..
#.##########
.. #.# . #.#
# #.# # #Y#
# #@# # #§#
# # #.# #>#
#.# #.# #.#
#.. #5# ###
#.# # #.# #
#.#


You could see an ice beast and a friendly crimson imp.

Vanquished Creatures
  Grinder (D:5)
  The ghost of p0werm0de the Skirmisher, an amateur DsWn (D:3)
  2 ogres (D:4)
  A scorpion (D:5)
  A jelly (D:5)
  An orc wizard (D:5)
  Crazy Yiuf (D:3)
  Jessica (D:2)
  An iguana (D:5)
  2 worker ants
  3 gnolls (D:5)
  7 adders
  A shadow imp (D:5)
  2 oozes
  2 adder zombies (D:5)
  2 worms (D:3)
  A dart slug (D:3)
  4 leopard geckos
  11 orcs (D:5)
  A bat (D:1)
  3 giant cockroaches
  9 goblins
  10 hobgoblins
  4 ball pythons
  3 frilled lizards
  10 kobolds
  5 rats
90 creatures vanquished.

Vanquished Creatures (collateral kills)
  An ogre (D:4)
  Ijyb (D:2)
  Robin (D:2)
  A hobgoblin (D:2)
4 creatures vanquished.

Grand Total: 94 creatures vanquished

Notes
Turn   | Place    | Note
-------+----------+-------------------------------------------
     0 | D:1      | anuswrecked the Mummy Wizard began the quest for the Orb.
     0 | D:1      | Reached XP level 1. HP: 13/13 MP: 5/5
   350 | D:1      | Reached XP level 2. HP: 20/20 MP: 2/7
   354 | D:1      | Reached skill level 1 in Conjurations
   356 | D:1      | Reached skill level 1 in Fighting
   367 | D:1      | Reached skill level 1 in Armour
   378 | D:1      | Learned a level 2 spell: Blink
   381 | D:1      | Learned a level 2 spell: Call Imp
   384 | D:1      | Learned a level 2 spell: Repel Missiles
  1001 | D:2      | Reached XP level 3. HP: 22/26 MP: 8/8
  1006 | D:2      | Learned a level 3 spell: Mephitic Cloud
  1026 | D:2      | Noticed Ijyb
  1035 | D:2      | Killed Ijyb
  1065 | D:2      | Found a shadowy altar of Dithmenos.
  1073 | D:2      | Reached skill level 1 in Translocations
  1282 | D:2      | Noticed Robin
  1291 | D:2      | Killed Robin
  1291 | D:2      | Reached skill level 1 in Summonings
  1364 | D:2      | Reached XP level 4. HP: 25/32 MP: 10/10
  1539 | D:2      | Found a faded altar of an unknown god.
  1593 | D:2      | Noticed Jessica
  1599 | D:2      | Killed Jessica
  1817 | D:3      | Noticed p0werm0de's ghost (amateur DsWn)
  2261 | D:3      | Found a sacrificial altar of Ru.
  2321 | D:3      | Found a hazy altar of Hepliaklqana.
  2337 | D:3      | Reached XP level 5. HP: 31/38 MP: 11/11
  2498 | D:3      | Found a runed door.
  2603 | D:3      | Killed p0werm0de's ghost
  2603 | D:3      | Reached skill level 1 in Shields
  2603 | D:3      | Reached skill level 1 in Air Magic
  2603 | D:3      | Reached XP level 6. HP: 21/44 MP: 3/13
  2642 | D:3      | Found a snail-covered altar of Cheibriados.
  2643 | D:3      | Found an opulent altar of Gozag.
  2777 | D:3      | Noticed Crazy Yiuf
  2800 | D:3      | Killed Crazy Yiuf
  2943 | D:4      | Reached skill level 5 in Spellcasting
  3437 | D:4      | Found a staircase to the Ecumenical Temple.
  3446 | Temple   | Entered the Ecumenical Temple
  3699 | D:4      | Reached XP level 7. HP: 51/51 MP: 14/14
  3719 | D:4      | Found Edatom's Serpentskin Sales.
  3982 | D:5      | Entered Level 5 of the Dungeon
  4079 | D:5      | Noticed Grinder
  4086 | D:5      | Paralysed by Grinder for 7 turns
  4103 | D:5      | Paralysed by Grinder for 6 turns
  4109 | D:5      | Killed Grinder
  4445 | D:5      | Reached skill level 1 in Staves
  5079 | D:5      | Reached skill level 1 in Poison Magic
  5159 | D:5      | Slain by an ice beast

Vault maps used:
D:1:      dpeg_arrival_pits, serial_bayou_pond_a, st_stairs_9,
          serial_park_tiny_pond, minmay_misc_feat_pillars
D:2:      grunt_dithmenos_smoke, chequers_ecumenical_altar_simple_redux,
          uniq_jessica, uniq_iyjb, uniq_robin
D:3:      nicolae_overflow_crystal_walls, gammafunk_temple_overflow_pools,
          overflow_temple_1_default, uniq_crazy_yiuf_cottage
D:4:      guppyfry_shop_venom
D:5:      kennysheep_little_box, first_bread, uniq_grinder
Temple:   jpeg_temple_island

Skill      XL: |  1  2  3  4  5  6  7 |
---------------+----------------------+-----
Conjurations   | 1 |  1.0
Fighting       | 1 2 3 |  3.3
Armour         | 1 2 3 |  3.5
Translocations | 1 |  1.0
Summonings     | 1 |  1.0
Dodging        | 2 |  2.9
Shields        | 1 2 |  2.6
Air Magic      | 1 |  1.4
Spellcasting   | 5 |  5.6
Staves         | 1 |  1.3
Poison Magic   | 1 |  1.0
Stealth        | |  1.5

Action                   |  1- 3 |  4- 6 |  7- 9 || total
-------------------------+-------+-------+-------++-------
Melee: Unarmed           |     9 |       |       ||     9
       Hand axe          |    72 |    95 |   111 ||   278
 Cast: Magic Dart        |    29 |     4 |    14 ||    47
       Repel Missiles    |     1 |       |       ||     1
       Call Imp          |     2 |    25 |     5 ||    32
       Blink             |       |     1 |     1 ||     2
       Mephitic Cloud    |       |       |    11 ||    11
Evoke: Wand              |       |     2 |     2 ||     4
  Use: Scroll            |       |     3 |       ||     3
 Stab: Sleeping          |     1 |     1 |       ||     2
       Distracted        |     1 |     2 |       ||     3
       Paralysed         |       |     5 |     7 ||    12
       Confused          |       |       |     3 ||     3
Armor: Leather armour    |    22 |    15 |    21 ||    58
       Robe              |     2 |       |       ||     2
Dodge: Dodged            |    60 |    50 |    59 ||   169
       Deflected         |     1 |       |       ||     1
